 Dungeon Crawl Stone Soup version 0.21-a0-207-g4a9efaf (webtiles) character file.

105886 Kidiri the Eclecticist (level 15, -10/86 HPs)
             Began as a Deep Elf Fire Elementalist on Aug 20, 2017.
             Was a High Priest of Vehumet.
             Killed from afar by a deep elf mage (18 damage)
             ... with a bolt of lightning
             ... on level 1 of the Elven Halls.
             The game lasted 02:49:58 (36168 turns).

Kidiri the Eclecticist (DEFE)                      Turns: 36168, Time: 02:50:00

Health: -10/86     AC: 16    Str:  3    XL:     15   Next: 96%
Magic:  36/55      EV: 14    Int: 31    God:    Vehumet [*****.]
Gold:   1398       SH: 11    Dex: 35    Spells: 3/47 levels left

rFire    x x .     SeeInvis +   D - +2 rapier of Resourcefulness {flame, *Rage Fragile MP+9 Dex+8}
rCold    + + +     Gourm    .   M - +2 buckler {rN+}
rNeg     + . .     Faith    .   O - +0 ring mail of Boredom {rPois Str-2 Dex+7}
rPois    +         Spirit   .   C - +1 helmet
rElec    .         Reflect  .   R - scarf of the Hills {rC+ Int+2}
rCorr    +         Harm     +   k - +1 pair of gloves
MR       +....     Rnd*Rage +   E - +0 pair of boots "Earthly Heaven" {rCorr Dex-4 SInv Stlth+}
Stlth    ++++......             U - amulet of Cement {Harm *Drain rF- rC+ Dex+3}
HPRegen  0.24/turn              a - ring of a Hundred Stories {*Slow rPois rF- MP+9 Slay+6}
MPRegen  0.34/turn              L - +6 ring of dexterity

@: slowed, very slow
A: hooves 1, iridescent scales 1, thin metallic scales 1, clever 1, cold
resistance 1, poison resistance, wild magic 1
a: Renounce Religion


You were on level 1 of the Elven Halls.
You worshipped Vehumet.
Vehumet was extremely pleased with you.
You were not hungry.

You visited 5 branches of the dungeon, and saw 25 of its levels.
You visited 1 bazaar.
You also visited: Labyrinth.

You collected 3211 gold pieces.
You spent 1813 gold pieces at shops.

Inventory:

Hand Weapons
 D - the +2 rapier of Resourcefulness (weapon) {flame, *Rage Fragile MP+9 Dex+8}
   (You found it on level 6 of the Dungeon)

   It has been specially enchanted to burn those struck by it, causing extra
   injury to most foes and up to half again as much damage against particularly
   susceptible opponents.
   It affects your dexterity (+8).
   It affects your magic capacity (+9).
   It may make you go berserk in combat.
   It will be destroyed if unequipped.
Armour
 k - a +1 pair of gloves (worn)
 C - a +1 helmet (worn)
 E - the +0 pair of boots "Earthly Heaven" (worn) {rCorr Dex-4 SInv Stlth+}
   (You found it on level 6 of the Lair of Beasts)

   It affects your dexterity (-4).
   It lets you see invisible.
   It protects you from acid and corrosion.
   It makes you more stealthy.
 M - a +2 buckler of positive energy (worn)
 O - the +0 ring mail of Boredom (worn) {rPois Str-2 Dex+7}
   (You found it on level 8 of the Dungeon)

   It affects your strength (-2).
   It affects your dexterity (+7).
   It protects you from poison.
 R - the scarf of the Hills (worn) {rC+ Int+2}
   (You found it on level 10 of the Dungeon)

   It affects your intelligence (+2).
   It protects you from cold.
 V - the +3 large shield of Dice, Bag, and Bottle {rPois rC+}
   (You bought it in a shop on level 2 of the Orcish Mines)

   It protects you from cold.
   It protects you from poison.
Jewellery
 a - the ring of a Hundred Stories (left hand) {*Slow rPois rF- MP+9 Slay+6}
   (You found it on level 14 of the Dungeon)

   [ring of magical power]

   It affects your accuracy and damage with ranged weapons and melee attacks
   (+6).
   It makes you vulnerable to fire.
   It protects you from poison.
   It affects your magic capacity (+9).
   It may slow you when you take damage.
 F - an uncursed ring of protection from fire
 L - a +6 ring of dexterity (right hand)
 U - the amulet of Cement (around neck) {Harm *Drain rF- rC+ Dex+3}
   (You acquired it on level 13 of the Dungeon)

   [amulet of harm]

   It increases damage dealt and taken.
   It affects your dexterity (+3).
   It makes you vulnerable to fire.
   It protects you from cold.
   It causes draining when unequipped.
Wands
 f - a wand of paralysis (13/24)
 m - a wand of acid (9/15)
 o - a wand of scattershot (2/9)
 p - a wand of enslavement (9/24)
 B - a wand of confusion (36/48)
 K - a wand of clouds (4/9)
 Q - a wand of enslavement (9/24)
 T - a wand of digging (5/24)
 W - a wand of polymorph (9/24)
Scrolls
 b - a scroll of amnesia
 d - a scroll of torment
 q - a scroll of vulnerability
 r - 13 scrolls of teleportation
 s - a scroll of holy word
 t - 7 scrolls of fog
 u - 7 scrolls of immolation
 w - 8 scrolls of recharging
 x - 2 scrolls of identify
 y - 3 scrolls of fear
 G - 7 scrolls of remove curse
 I - 4 scrolls of magic mapping
Potions
 e - 11 potions of curing
 g - 7 potions of brilliance
 h - 3 potions of might
 i - 5 potions of flight
 j - a potion of berserk rage
 n - 2 potions of lignification
 v - a potion of agility
 z - 3 potions of ambrosia
 H - 3 potions of haste
 J - 5 potions of invisibility
 N - a potion of cancellation
 S - 5 potions of resistance
Books
 X - a book of the Earth

   Spells                             Type                      Level
   a - Leda's Liquefaction            Hexes/Earth                  4
   b - Bolt of Magma                  Conjuration/Fire/Earth       5
   c - Statue Form                    Transmutation/Earth          6
   d - Iron Shot                      Conjuration/Earth            6
   e - Shatter                        Earth                        9
Comestibles
 c - 6 bread rations
 l - 10 chunks of flesh
 A - 8 meat rations


   Skills:
 + Level 7.3 Fighting
 - Level 8.0 Short Blades
 + Level 7.2 Armour
 - Level 10.8 Dodging
 - Level 2.4 Stealth
 + Level 7.0 Shields
 * Level 16.6 Spellcasting
 + Level 10.8 Conjurations
 + Level 10.8 Fire Magic
 + Level 8.5 Air Magic
 * Level 3.9 Earth Magic
 + Level 8.6 Poison Magic


You had 3 spell levels left.
You knew the following spells:

 Your Spells              Type           Power        Failure   Level  Hunger
a - Flame Tongue          Conj/Fire      #####        1%          1    None
b - Throw Flame           Conj/Fire      ######       1%          2    None
c - Conjure Flame         Conj/Fire      #######.     1%          3    None
d - Inner Flame           Hex/Fire       ######..     1%          3    None
e - Ignite Poison         Fire/Tmut/Pois ######..     1%          3    None
f - Sticky Flame          Conj/Fire      #######.     1%          4    None
g - Fireball              Conj/Fire      #######...   1%          5    None
h - Bolt of Fire          Conj/Fire      #######...   7%          6    ##.....
i - Airstrike             Air            #######...   1%          4    None
j - Lightning Bolt        Conj/Air       #######...   2%          5    None
k - Mephitic Cloud        Conj/Pois/Air  #######.     1%          3    None
l - Lee's Rapid Deconstr  Erth           ######....   17%         5    None


Dungeon Overview and Level Annotations

Branches:
Dungeon (15/15)            Temple (1/1) D:5            Lair (6/6) D:11
  Swamp (0/4) Lair:2        Snake (0/4) Lair:2        Slime (0/5) Lair:6
    Orc (2/2) D:12            Elf (1/3) Orc:2        Vaults (0/5) D:13
 Depths (0/5) D:15

Altars:
Ashenzari
Cheibriados
Dithmenos
Elyvilon
Fedhas
Gozag
Hepliaklqana
Kikubaaqudgha
Makhleb
Nemelex Xobeh
Okawaru
Qazlal
Ru
Sif Muna
Trog
Uskayaw
Vehumet
Wu Jian
Xom
Yredelemnul
Zin
The Shining One
Beogh

Shops:
Orc:1 %   Orc:2 ?}*?


Innate Abilities, Weirdness & Mutations

You have large cloven feet.
You are partially covered in iridescent scales. (AC +2)
You are partially covered in thin metallic scales. (AC +2)
Your mind is acute. (Int +2)
Your flesh is cold resistant. (rC+)
Your system is resistant to poisons. (rPois)
Your spells are a little harder to cast, but a little more powerful.


Message History

You feel your power returning. The air elemental hits you.
* * * LOW HITPOINT WARNING * * *
You feel yourself slow down.
The deep elf mage mumbles some strange words.
The deep elf mage blinks!
The deep elf mage is engulfed in blazing flames.
You kill the deep elf mage!
Vehumet accepts your kill.
The deep elf mage gestures at you while chanting.
The shard of ice hits you!
Unknown command.
Okay, then.
Unknown command.
You feel much better. You block the air elemental's attack.
The air elemental hits you but does no damage.
The halberd of protection hits you from afar!!
* * * LOW HITPOINT WARNING * * *
The deep elf mage casts a spell at you. The bolt of lightning hits you!
You die...

#.....# #.....#
#..⌠..# #.....#
##.....##
.########§######
......#.(§..#...
......#E§§*.#...
...⌠.§e@<...'..⌠
.....e#e....#...
......#.)...#...
#########'######
##h....##
#..§).# #..⌠..#
#....e# #.....#


You could see 4 deep elf magi, a hog shaped shifter, an air elemental, a halberd
of protection and a battlesphere.

Vanquished Creatures
  Saint Roka (Orc:2)
  Roxanne (D:14)
  Nessos (D:12)
  A dire elephant (D:15)
  Snorg (D:14)
  Josephine (D:10)
  A minotaur (Lab)
  5 hydras
  3 catoblepae (Lair:6)
  4 centaur warriors
  2 dancing weapons (D:13)
  3 two-headed ogres
  4 tengu warriors
  9 death yaks
  6 orc high priests
  Urug (Lair:4)
  Sonja (D:15)
  2 deep elf knights (Elf:1)
  2 death drakes (shapeshifter)
  2 unseen horrors
  Pikel (D:4)
  An orange crystal statue (D:11)
  5 orc knights
  A necromancer (Lair:3)
  8 oklob plants
  2 ugly things
  7 orc sorcerers
  11 deep elf magi
  A wolf spider (D:15)
  4 manticores
  3 cyclopes
  4 centaur zombies
  A gargoyle (D:15)
  4 black mambas
  6 spiny frogs
  4 centaur skeletons
  A kobold demonologist (D:15)
  9 komodo dragons
  A rime drake (Lair:3)
  An efreet (D:15)
  11 trolls
  7 polar bears
  4 blink frogs (Lair:6)
  Grinder (D:6)
  A hornet (D:8)
  12 dream sheep
  14 hippogriffs
  A meliai zombie (D:12)
  15 slime creatures
  A centaur simulacrum (D:14)
  A vampire (D:11)
  4 wyverns
  A water elemental (Elf:1)
  4 wraiths (D:10)
  A hog (D:7)
  64 yaks
  6 basilisks
  2 hungry ghosts
  A redback simulacrum (D:15)
  Menkaure (D:6)
  5 wargs
  9 water moccasins
  4 soldier ants
  Duvessa (D:6)
  9 porcupines
  4 sky beasts
  37 orc warriors
  3 ice beasts
  A phantom (D:12)
  10 black bears
  A hornet zombie (D:8)
  18 ogres
  2 necrophages
  3 boggarts (D:15)
  11 wolves
  11 centaurs
  4 big kobolds
  18 crocodiles
  17 bullfrogs
  2 gnoll sergeants
  2 wyvern skeletons
  8 scorpions
  Dowan (D:6)
  6 killer bees (D:10)
  14 wights
  2 vampire bats (D:5)
  6 crimson imps
  2 bullfrog zombies
  7 jellies
  2 bullfrog skeletons
  18 orc priests
  6 hounds
  29 orc wizards
  6 iguanas
  2 polar bear simulacra (Lair:3)
  19 worker ants
  2 yak simulacra (Lair:3)
  3 wolf simulacra (Lair:3)
  2 hound skeletons
  5 gnolls
  14 adders
  2 shadow imps
  3 oozes
  3 worms
  A dart slug (D:1)
  7 leopard geckos
  88 orcs
  4 ball pythons
  6 giant cockroaches
  5 goblins
  5 hobgoblins
  20 jackals
  5 quokkas
  12 bats
  7 frilled lizards
  23 kobolds
  A leopard gecko skeleton (D:4)
  A quokka zombie (D:9)
  12 rats
  3 river rat simulacra (Lair:3)
  A spectral orc (D:9)
  A bush (Lair:4)
  28 plants
842 creatures vanquished.

Vanquished Creatures (collateral kills)
  A spiny frog (Lair:3)
  2 yaks (Lair:3)
  A water moccasin (Lair:3)
4 creatures vanquished.

Vanquished Creatures (others)
  An adder (D:9)
  A river rat simulacrum (Lair:3)
  3 fungi
  6 plants
11 creatures vanquished.

Grand Total: 857 creatures vanquished

Notes
Turn   | Place    | Note
-------+----------+-------------------------------------------
     0 | D:1      | Kidiri the Deep Elf Fire Elementalist began the quest for the Orb.
     0 | D:1      | Reached XP level 1. HP: 10/10 MP: 6/6
   109 | D:1      | Reached XP level 2. HP: 7/15 MP: 0/8
   113 | D:1      | Learned a level 2 spell: Throw Flame
   306 | D:1      | Found a shattered altar of Ashenzari.
   689 | D:1      | Reached skill level 4 in Spellcasting
   920 | D:1      | Reached XP level 3. HP: 14/19 MP: 4/10
   933 | D:1      | Learned a level 3 spell: Conjure Flame
   937 | D:1      | Learned a level 3 spell: Inner Flame
  1761 | D:2      | Found a radiant altar of Vehumet.
  1776 | D:2      | Became a worshipper of Vehumet
  1809 | D:2      | Found a faded altar of an unknown god.
  1901 | D:2      | Reached XP level 4. HP: 24/24 MP: 10/12
  2727 | D:3      | Reached skill level 5 in Spellcasting
  3015 | D:2      | Learned a level 4 spell: Sticky Flame
  3138 | D:4      | Noticed a bullfrog
  3145 | D:4      | Killed a bullfrog
  3145 | D:4      | Reached XP level 5. HP: 19/28 MP: 11/15
  3322 | D:4      | Reached skill level 6 in Spellcasting
  3332 | D:4      | Noticed a slave
  3334 | D:4      | Noticed a slave
  3336 | D:4      | Noticed Pikel
  3645 | D:4      | Reached * piety under Vehumet
  3645 | D:4      | Offered knowledge of Shock by Vehumet.
  3740 | D:4      | Noticed a slave
  3743 | D:4      | Noticed a slave
  3743 | D:4      | Reached XP level 6. HP: 32/32 MP: 9/17
  3756 | D:4      | Killed Pikel
  3756 | D:4      | Reached skill level 8 in Spellcasting
  3756 | D:4      | Reached skill level 5 in Fire Magic
  3756 | D:4      | Reached XP level 7. HP: 36/36 MP: 0/20
  3953 | D:4      | Learned a level 5 spell: Fireball
  4024 | D:4      | Found a deep blue altar of Sif Muna.
  4029 | D:4      | Found a sparkling altar of Nemelex Xobeh.
  4029 | D:4      | Found an iron altar of Okawaru.
  4029 | D:4      | Found a stormy altar of Qazlal.
  4031 | D:4      | Found a shadowy altar of Dithmenos.
  4177 | D:5      | Entered Level 5 of the Dungeon
  4236 | D:5      | Found the +4 Vampire's Tooth {vamp}
  4325 | D:5      | Gained mutation: You passively map a small area around you. [mutagenic meat]
  4326 | D:5      | Gained mutation: Your mind is acute. (Int +2) [mutagenic meat]
  4328 | D:5      | Lost mutation: Your mind is acute. (Int +2) [mutagenic meat]
  4329 | D:5      | Gained mutation: You have a somewhat thin skeletal structure. (Dex +2, Stealth) [mutagenic meat]
  4397 | D:5      | Found a staircase to the Ecumenical Temple.
  4528 | D:5      | Reached skill level 1 in Short Blades
  4528 | D:5      | Reached XP level 8. HP: 42/42 MP: 16/22
  4534 | D:5      | Learned a level 1 spell: Shock
  4904 | Temple   | Entered the Ecumenical Temple
  5284 | D:6      | Found a burning altar of Makhleb.
  5294 | D:6      | Reached skill level 1 in Armour
  5466 | D:6      | Reached skill level 1 in Fighting
  5476 | D:6      | Reached skill level 5 in Conjurations
  5506 | D:6      | Got a brightly glowing rapier
  5507 | D:6      | Identified the cursed +2 rapier of Resourcefulness {flame, *Rage Fragile MP+9 Dex+8} (You found it on level 6 of the Dungeon)
  5533 | D:6      | Reached skill level 1 in Air Magic
  5581 | D:6      | Noticed Menkaure
  5585 | D:6      | Killed Menkaure
  5585 | D:6      | Reached skill level 1 in Shields
  5585 | D:6      | Reached skill level 9 in Spellcasting
  5621 | D:6      | Noticed Duvessa
  5624 | D:6      | Noticed Dowan
  5639 | D:6      | Killed Duvessa
  5639 | D:6      | Killed Dowan
  5760 | D:6      | Reached ** piety under Vehumet
  5805 | D:6      | Noticed Grinder
  5898 | D:6      | Offered knowledge of Searing Ray by Vehumet.
  6054 | D:6      | Found a glowing golden altar of the Shining One.
  6096 | D:6      | Reached XP level 9. HP: 47/48 MP: 24/24
  6164 | D:6      | Found a glowing golden altar of the Shining One.
  6288 | D:6      | Killed Grinder
  6640 | D:7      | Found a huge runed gate.
  6640 | D:7      | Found a huge runed gate.
  6640 | D:7      | Found a huge runed gate.
  6640 | D:7      | Found a huge runed gate.
  6640 | D:7      | Noticed a polar bear
  6641 | D:7      | Noticed a polar bear
  6641 | D:7      | Noticed a polar bear
  6649 | D:7      | Noticed a death yak
  6655 | D:7      | Noticed a polar bear
  6656 | D:7      | Noticed a death yak
  6659 | D:7      | Noticed a polar bear
  6660 | D:7      | Reached skill level 10 in Spellcasting
  7114 | D:7      | Offered knowledge of Ignite Poison by Vehumet.
  7119 | D:7      | Learned a level 3 spell: Ignite Poison
  7717 | D:7      | Killed a polar bear
  7717 | D:7      | Reached skill level 5 in Dodging
  7722 | D:7      | Killed a death yak
  7722 | D:7      | Reached XP level 10. HP: 38/55 MP: 16/26
  7733 | D:7      | Killed a death yak
  7744 | D:7      | Reached skill level 11 in Spellcasting
  7745 | D:7      | Reached *** piety under Vehumet
  9026 | D:8      | Offered knowledge of Dazzling Spray by Vehumet.
  9250 | D:8      | Reached XP level 11. HP: 48/60 MP: 28/28
  9256 | D:8      | Got a black opal-studded ring mail
  9307 | D:8      | Reached skill level 1 in Poison Magic
  9665 | D:9      | Reached skill level 12 in Spellcasting
  9695 | D:9      | Identified the cursed +0 ring mail of Boredom {rPois Str-2 Dex+7} (You found it on level 8 of the Dungeon)
  9822 | D:9      | Reached **** piety under Vehumet
 10010 | D:9      | Gained mutation: You expend magic power (3 MP) to strengthen your wands. [mutagenic meat]
 10011 | D:9      | Gained mutation: You tend to lose your temper in combat. [mutagenic meat]
 10013 | D:9      | Gained mutation: Your mind is acute. (Int +2) [mutagenic meat]
 10014 | D:9      | Gained mutation: You are agile. (Dex +2) [mutagenic meat]
 10018 | D:9      | Found a basalt altar of Yredelemnul.
 10328 | D:9      | Reached skill level 5 in Short Blades
 10723 | D:9      | Offered knowledge of Lightning Bolt by Vehumet.
 10743 | D:9      | Learned a level 5 spell: Lightning Bolt
 11058 | D:10     | Entered Level 10 of the Dungeon
 11103 | D:10     | Noticed a two-headed ogre
 11143 | D:10     | Killed a two-headed ogre
 11722 | D:10     | Noticed a two-headed ogre
 11729 | D:10     | Killed a two-headed ogre
 11995 | D:10     | Noticed a centaur warrior
 12466 | D:10     | Reached skill level 5 in Air Magic
 12562 | D:10     | Got a spiked scarf
 12575 | D:10     | Identified the scarf of the Hills {rC+ Int+2} (You found it on level 10 of the Dungeon)
 12614 | D:10     | Noticed Josephine
 12617 | D:10     | Killed Josephine
 12712 | D:10     | Killed a centaur warrior
 12712 | D:10     | Reached ***** piety under Vehumet
 12712 | D:10     | Reached XP level 12. HP: 57/66 MP: 23/30
 13002 | D:10     | Reached skill level 13 in Spellcasting
 13009 | D:10     | Offered knowledge of Airstrike by Vehumet.
 13015 | D:10     | Learned a level 4 spell: Airstrike
 13414 | D:11     | Found a staircase to the Lair.
 13461 | D:11     | Gained mutation: Armour fits poorly on your strangely shaped body. [mutagenic meat]
 13462 | D:11     | Gained mutation: You are partially covered in iridescent scales. (AC +2) [mutagenic meat]
 13464 | D:11     | Gained mutation: You are partially covered in large bone plates. (SH +4) [mutagenic meat]
 14893 | D:11     | Found a gateway to a bazaar.
 14901 | D:11     | Reached skill level 5 in Fighting
 15058 | Lair:1   | Entered Level 1 of the Lair of Beasts
 15059 | Lair:1   | Lost mutation: Your mind is acute. (Int +2) [potion of mutation]
 15059 | Lair:1   | Lost mutation: You expend magic power (3 MP) to strengthen your wands. [potion of mutation]
 15059 | Lair:1   | Lost mutation: Armour fits poorly on your strangely shaped body. [potion of mutation]
 15059 | Lair:1   | Gained mutation: Your spells are a little harder to cast, but a little more powerful. [potion of mutation]
 15060 | Lair:1   | Lost mutation: Your spells are a little harder to cast, but a little more powerful. [potion of mutation]
 15060 | Lair:1   | Lost mutation: You are agile. (Dex +2) [potion of mutation]
 15060 | Lair:1   | Lost mutation: You are partially covered in large bone plates. (SH +4) [potion of mutation]
 15060 | Lair:1   | Lost mutation: You tend to lose your temper in combat. [potion of mutation]
 15060 | Lair:1   | Gained mutation: You are weak. (Str -2) [potion of mutation]
 15060 | Lair:1   | Lost mutation: You are weak. (Str -2) [potion of mutation]
 15060 | Lair:1   | Gained mutation: You have sharp fingernails. [potion of mutation]
 15061 | Lair:1   | Lost mutation: You passively map a small area around you. [potion of mutation]
 15061 | Lair:1   | Lost mutation: You have sharp fingernails. [potion of mutation]
 15061 | Lair:1   | Gained mutation: Your spells are a little harder to cast, but a little more powerful. [potion of mutation]
 15061 | Lair:1   | Gained mutation: You are covered in fur. (AC +1) [potion of mutation]
 15356 | Lair:1   | Reached skill level 5 in Armour
 15374 | Lair:1   | Lost mutation: Your spells are a little harder to cast, but a little more powerful. [potion of mutation]
 15374 | Lair:1   | Lost mutation: You are covered in fur. (AC +1) [potion of mutation]
 15374 | Lair:1   | Lost mutation: You are partially covered in iridescent scales. (AC +2) [potion of mutation]
 15374 | Lair:1   | Gained mutation: Potions are less effective at restoring your health. [potion of mutation]
 15374 | Lair:1   | Gained mutation: Your spells are a little harder to cast, but a little more powerful. [potion of mutation]
 15374 | Lair:1   | Gained mutation: Your muscles are strong. (Str +2) [potion of mutation]
 15443 | Lair:1   | Learned a level 3 spell: Mephitic Cloud
 15748 | Lair:1   | Reached skill level 5 in Poison Magic
 17069 | Lair:1   | Reached skill level 14 in Spellcasting
 17302 | Lair:2   | Found a labyrinth entrance.
 17305 | Lab      | Entered a labyrinth
 17794 | Lab      | Noticed a minotaur
 17806 | Lab      | Killed a minotaur
 17806 | Lab      | Reached XP level 13. HP: 9/72 MP: 17/33
 17898 | Lab      | Got an encrusted arbalest
 17908 | Lab      | Identified the Collected Works on Warped Poisoning
 17910 | Lab      | Got a smoking fustibalus
 18579 | Lair:2   | Lost mutation: You have a somewhat thin skeletal structure. (Dex +2, Stealth) [potion of mutation]
 18579 | Lair:2   | Lost mutation: Potions are less effective at restoring your health. [potion of mutation]
 18579 | Lair:2   | Lost mutation: Your muscles are strong. (Str +2) [potion of mutation]
 18579 | Lair:2   | Gained mutation: Your magical capacity is low. (-10% MP) [potion of mutation]
 18579 | Lair:2   | Gained mutation: You do not regenerate when monsters are visible. [potion of mutation]
 18579 | Lair:2   | Gained mutation: Your mind is acute. (Int +2) [potion of mutation]
 18660 | Lair:2   | Found a staircase to the Snake Pit.
 18671 | Lair:2   | Reached skill level 5 in Shields
 18810 | Lair:2   | Found a staircase to the Swamp.
 18965 | Lair:2   | Offered knowledge of Bolt of Fire by Vehumet.
 18973 | Lair:2   | Learned a level 6 spell: Bolt of Fire
 21535 | Lair:4   | Noticed Urug
 22785 | Lair:4   | Killed Urug
 23843 | Lair:5   | Got an ichor-stained ring mail
 24231 | Lair:5   | Identified the cursed +1 ring mail "Kovote Suxzu" {SInv} (You found it on level 5 of the Lair of Beasts)
 24750 | Lair:6   | Entered Level 6 of the Lair of Beasts
 24855 | Lair:6   | Reached XP level 14. HP: 77/79 MP: 4/31
 25698 | Lair:6   | Reached skill level 15 in Spellcasting
 25844 | Lair:6   | Found a staircase to the Slime Pits.
 26153 | Lair:6   | Reached skill level 10 in Fire Magic
 26780 | Lair:6   | Got a pair of bloodstained boots
 26791 | Lair:6   | Identified the +0 pair of boots "Earthly Heaven" {rCorr Dex-4 SInv Stlth+} (You found it on level 6 of the Lair of Beasts)
 27141 | Bazaar   | Entered a bazaar
 27141 | Bazaar   | Found Poetisym's Magic Scroll Shoppe.
 27141 | Bazaar   | Found Cerpheej's General Store.
 27142 | Bazaar   | Found Kecol's Magic Scroll Shoppe.
 27142 | Bazaar   | Found Ysholays's Book Emporium.
 27168 | Bazaar   | Bought a scroll of identify for 28 gold pieces
 27168 | Bazaar   | Bought a scroll of identify for 28 gold pieces
 27172 | Bazaar   | Bought a scroll of magic mapping for 42 gold pieces
 27172 | Bazaar   | Bought a scroll of identify for 24 gold pieces
 27172 | Bazaar   | Bought a scroll of enchant armour for 90 gold pieces
 27172 | Bazaar   | Bought a scroll of teleportation for 36 gold pieces
 27172 | Bazaar   | Bought a scroll of magic mapping for 42 gold pieces
 27172 | Bazaar   | Bought a scroll of teleportation for 36 gold pieces
 27172 | Bazaar   | Bought a scroll of fog for 24 gold pieces
 27172 | Bazaar   | Bought a scroll of recharging for 114 gold pieces
 27172 | Bazaar   | Bought a scroll of immolation for 42 gold pieces
 27182 | Bazaar   | Bought a scroll of amnesia for 49 gold pieces
 27182 | Bazaar   | Bought a scroll of torment for 105 gold pieces
 27182 | Bazaar   | Bought a scroll of vulnerability for 105 gold pieces
 27182 | Bazaar   | Bought a scroll of teleportation for 42 gold pieces
 27182 | Bazaar   | Bought a scroll of recharging for 133 gold pieces
 27206 | Bazaar   | Bought a scroll of fear for 59 gold pieces
 27206 | Bazaar   | Bought a scroll of fog for 34 gold pieces
 27454 | D:12     | Found a staircase to the Orcish Mines.
 27777 | D:12     | Noticed Nessos
 27784 | D:12     | Killed Nessos
 28175 | D:12     | Lost mutation: Your spells are a little harder to cast, but a little more powerful. [potion of mutation]
 28175 | D:12     | Lost mutation: Your magical capacity is low. (-10% MP) [potion of mutation]
 28175 | D:12     | Gained mutation: Your system is resistant to poisons. (rPois) [potion of mutation]
 28175 | D:12     | Gained mutation: Your flesh is cold resistant. (rC+) [potion of mutation]
 28175 | D:12     | Gained mutation: You can translocate small distances at will. [potion of mutation]
 28238 | D:13     | Offered knowledge of Conjure Ball Lightning by Vehumet.
 28276 | Orc:1    | Entered Level 1 of the Orcish Mines
 28292 | Orc:1    | Reached skill level 10 in Conjurations
 28718 | Orc:2    | Entered Level 2 of the Orcish Mines
 28754 | Orc:2    | Paralysed by an orc sorcerer for 6 turns
 29056 | Orc:2    | Noticed Saint Roka
 29360 | D:13     | Found a gate to the Vaults.
 29383 | D:13     | Lost mutation: You do not regenerate when monsters are visible. [potion of mutation]
 29383 | D:13     | Lost mutation: You can translocate small distances at will. [potion of mutation]
 29383 | D:13     | Gained mutation: You are partially covered in thin metallic scales. (AC +2) [potion of mutation]
 29383 | D:13     | Gained mutation: You are partially covered in iridescent scales. (AC +2) [potion of mutation]
 29383 | D:13     | Gained mutation: You have large cloven feet. [potion of mutation]
 29434 | D:13     | Offered knowledge of Lee's Rapid Deconstruction by Vehumet.
 29441 | D:13     | Learned a level 5 spell: Lee's Rapid Deconstruction
 29766 | D:13     | Identified a scroll of acquirement
 29767 | D:13     | Got a bound graven amulet
 29769 | D:13     | Identified the amulet of Cement {Harm *Drain rF- rC+ Dex+3} (You acquired it on level 13 of the Dungeon)
 30150 | D:13     | Gained mutation: Your spells are a little harder to cast, but a little more powerful. [mutagenic meat]
 30379 | D:14     | Noticed Roxanne
 30387 | D:14     | Noticed Snorg
 30572 | D:14     | Reached XP level 15. HP: 84/84 MP: 36/36
 30681 | D:14     | Killed Snorg
 30800 | D:14     | Reached skill level 10 in Dodging
 30800 | D:14     | Reached skill level 1 in Earth Magic
 31696 | D:14     | Got a slimy steel ring
 31698 | D:14     | Identified the ring of a Hundred Stories {*Slow rPois rF- MP+9 Slay+6} (You found it on level 14 of the Dungeon)
 31950 | D:14     | Killed Roxanne
 32363 | D:15     | Entered Level 15 of the Dungeon
 32496 | D:15     | Noticed Sonja
 32497 | D:15     | Killed Sonja
 32571 | D:15     | Found a stormy altar of Qazlal.
 32880 | D:15     | Found a stormy altar of Qazlal.
 33076 | D:15     | Reached skill level 16 in Spellcasting
 33155 | D:15     | Found a staircase to the Depths.
 34197 | Orc:2    | Killed Saint Roka
 34568 | Orc:2    | Found a roughly hewn altar of Beogh.
 34636 | Orc:2    | Found a staircase to the Elven Halls.
 34878 | Orc:2    | Found a roughly hewn altar of Beogh.
 35063 | Orc:2    | Offered knowledge of Ozocubu's Refrigeration by Vehumet.
 35299 | Orc:2    | Found Hageasay's Gadget Shoppe.
 35299 | Orc:2    | Found Beahe's Magic Scroll Shop.
 35451 | Orc:2    | Found Coixeegred's Magic Scroll Shoppe.
 35451 | Orc:2    | Found Nearhaill's Assorted Antiques.
 35459 | Orc:2    | Bought a scroll of teleportation for 30 gold pieces
 35459 | Orc:2    | Bought a scroll of fear for 35 gold pieces
 35459 | Orc:2    | Bought a scroll of holy word for 75 gold pieces
 35459 | Orc:2    | Bought a scroll of identify for 20 gold pieces
 35459 | Orc:2    | Bought a scroll of identify for 20 gold pieces
 35460 | Orc:2    | Bought a potion of heal wounds for 120 gold pieces
 35460 | Orc:2    | Bought an ichor-stained large shield for 228 gold pieces
 35462 | Orc:2    | Bought a scroll of remove curse for 42 gold pieces
 35462 | Orc:2    | Bought a scroll of remove curse for 42 gold pieces
 35462 | Orc:2    | Bought a scroll of identify for 28 gold pieces
 35462 | Orc:2    | Bought a scroll of identify for 28 gold pieces
 35462 | Orc:2    | Bought a scroll of fog for 28 gold pieces
 35462 | Orc:2    | Bought a scroll of identify for 28 gold pieces
 35462 | Orc:2    | Bought a scroll of identify for 28 gold pieces
 35462 | Orc:2    | Bought a scroll of identify for 28 gold pieces
 35660 | Orc:2    | Identified the +3 large shield of Dice, Bag, and Bottle {rPois rC+} (You bought it in a shop on level 2 of the Orcish Mines)
 35674 | Orc:1    | Found Vosmoust's Food Boutique.
 36150 | Elf:1    | Entered Level 1 of the Elven Halls
 36168 | Elf:1    | Killed from afar by a deep elf mage

Vault maps used:
D:1:      nicolae_arrival_washed_ashore, st_stairs_7,
          nicolae_ashenzari_panopticon
D:2:      old_standard_altar, chequers_ecumenical_altar_simple_redux,
          item_on_display_a
D:3:      kennysheep_big_flooded_room, first_bread
D:4:      minitemple, minmay_checkerbox, uniq_pikel
D:5:      minmay_temple_entry_statues_pillars,
          minmay_guarded_unrand_vampires_tooth
D:6:      kennysheep_mini_moat, bloody_makhleb, tso_altar, uniq_duvessa,
          uniq_menkaure, uniq_grinder
D:7:      lemuel_bear_cage, corexii_corridor_pit
D:8:      hangedman_pestilent_swarm
D:9:      yredelemnul_forgotten_temple_becter, small_statue_alley_b,
          minmay_misc_feat_encased, lemuel_flamethrower_1
D:10:     uniq_josephine
D:11:     minmay_lair_entry_grove, serial_shops, statue_bzr, serial_glass,
          glass_columns_a, glass_columns_a, minmay_strange_pillars
D:12:     david_orc_3, uniq_nessos
D:13:     erik_vaults_1, serial_curves, eino_curves_02, eino_curves_01,
          eino_curves_04, eino_curves_04
D:14:     minmay_misc_feat_doors, uniq_roxanne, uniq_snorg
D:15:     hangedman_depths_entry_try_elsewhere_first, lemuel_statue_altar,
          nicolae_qazlal_style_of_elements, uniq_sonja
Temple:   nicolae_temple_figure_eight
Lair:1:   minmay_lair_oklob_tunnel, cheibrodos_lair_lostbears
Lair:2:   minmay_swamp_entry_reptiles, dummy_snake_entry, lab_entry_generic,
          lemuel_fruit_tree
Lair:3:   eino_house_with_fridge, minmay_lair_oklob_chamber,
          serial_bayou_shore_b, infiniplex_staircase_pool_2
Lair:4:   serial_forest, infiniplex_forest_clump_medium,
          infiniplex_forest_lined_4_way, infiniplex_forest_clump_cross,
          infiniplex_forest_end_double, infiniplex_forest_clump_small,
          infiniplex_forest_end_1, lemuel_old_faithful, uniq_urug
Lair:6:   evilmike_catoblepas_cave, dpeg_slime_entry_corner
Orc:1:    serial_shops, shop
Orc:2:    grunt_orc_tribal_feast, basic_altar, kennysheep_orc_chapel,
          uniq_saint_roka
Elf:1:    minmay_elf_arrival_plus, minivault_28, uniq_asterion, uniq_agnes,
          uniq_aizul
Lab:      labyrinth_mini_lab, labyrinth_skeletal_remains
Bazaar:   bazaar_minmay_row

Skill      XL: |  1  2  3  4  5  6  7  8  9 10 11 12 13 14 15 |
---------------+----------------------------------------------+-----
Spellcasting   | 4 5 6 8 9 10 11 12 14 15 16 | 16.6
Conjurations   | 2 3 4 5 6 7 8 9 10 | 10.8
Fire Magic     | 4 5 6 7 8 9 10 | 10.8
Short Blades   | 1 2 3 4 5 6 7 8 |  8.0
Armour         | 2 3 4 5 6 7 |  7.2
Dodging        | 4 5 6 7 8 9 10 | 10.8
Fighting       | 1 2 3 4 5 6 7 |  7.3
Air Magic      | 2 3 4 5 6 7 8 |  8.5
Shields        | 1 2 3 4 5 6 7 |  7.0
Poison Magic   | 3 5 6 7 8 |  8.6
Earth Magic    | 3 |  3.9
Stealth        | |  2.4

Action                   |  1- 3 |  4- 6 |  7- 9 | 10-12 | 13-15 || total
-------------------------+-------+-------+-------+-------+-------++-------
Melee: Dagger            |    45 |    13 |    52 |       |       ||   110
       Rapier            |       |       |    58 |   683 |   628 ||  1369
 Cast: Flame Tongue      |    65 |    50 |    66 |   119 |    26 ||   326
       Throw Flame       |     1 |    11 |     4 |    23 |     2 ||    41
       Sticky Flame      |       |     5 |    19 |    71 |    71 ||   166
       Conjure Flame     |       |     3 |     6 |    18 |     6 ||    33
       Inner Flame       |       |     1 |     4 |    12 |     1 ||    18
       Fireball          |       |       |     5 |    31 |    25 ||    61
       Shock             |       |       |     7 |     3 |       ||    10
       Lightning Bolt    |       |       |       |    38 |    17 ||    55
       Mephitic Cloud    |       |       |       |     4 |    22 ||    26
       Ignite Poison     |       |       |       |     1 |    11 ||    12
       Bolt of Fire      |       |       |       |       |   205 ||   205
       Airstrike         |       |       |       |       |     9 ||     9
       Lee's Rapid Decon |       |       |       |       |     7 ||     7
Evoke: Wand              |       |       |     1 |       |     2 ||     3
  Use: Scroll            |     6 |     7 |     4 |     8 |    27 ||    52
       Potion            |       |     1 |     1 |    11 |     6 ||    19
 Stab: Sleeping          |     4 |     3 |     4 |     9 |    11 ||    31
       Distracted        |       |       |       |     3 |     3 ||     6
       Confused          |       |       |       |       |     6 ||     6
  Eat: Chunk             |     3 |     6 |    13 |    29 |    33 ||    84
       Bread ration      |       |       |     2 |       |     1 ||     3
       Fruit             |       |       |     1 |    13 |    15 ||    29
       Royal jelly       |       |       |     1 |     3 |    13 ||    17
Armor: Robe              |    21 |    10 |    47 |    33 |       ||   111
       Ring mail         |       |       |       |   100 |   190 ||   290
Dodge: Dodged            |    40 |    27 |   119 |   263 |   273 ||   722
Block: Buckler           |       |       |       |   190 |   296 ||   486
